 Dungeon Crawl Stone Soup version 0.30-a0-989-g0d87f670db (webtiles) character file.

Game seed: 1753809903469240902

156 porpoise the Cudgeller (level 5, -3/34 HPs)
             Began as a Gargoyle Chaos Knight on Apr 4, 2023.
             Was a Plaything of Xom.
             Slain by Natasha (13 damage)
             ... on level 2 of the Dungeon.
             The game lasted 00:06:18 (1940 turns).

porpoise the Cudgeller (Gargoyle Chaos Knight)      Turns: 1940, Time: 00:06:21

Health: -3/34      AC:  9    Str: 15    XL:     5   Next: 37%
Magic:  5/5        EV: 11    Int: 13    God:    Xom [..*...]
Gold:   68         SH:  0    Dex: 11    Spells: 4/4 levels left

rFire   . . .      SeeInvis .    a - +0 mace (chaos)
rCold   . . .      Faith    .    (no shield)
rNeg    + . .      Spirit   .    d - +2 leather armour
rPois   ∞          Reflect  .    (no helmet)
rElec   +          Rampage  .    (no cloak)
rCorr   .                        (no gloves)
Will    .....                    (no boots)
Stlth   +                        (no amulet)
HPRegen 0.25/turn                (no ring)
MPRegen 0.09/turn                (no ring)

@: no status effects
A: sickness immunity, AC +4, negative energy resistance 1, electricity
resistance, torment resistance 1, petrification resistance
a: Renounce Religion


You were on level 2 of the Dungeon.
You worshipped Xom.
You were a toy of Xom.
You visited 1 branch of the dungeon, and saw 2 of its levels.

You collected 68 gold pieces.

Inventory:

Hand Weapons
 a - a +0 mace of chaos (weapon)
 b - a +0 sling
 w - the +7 dagger of Prescription {pain, +Blink rF++ Str+4 Int-5}
   (You found it on level 2 of the Dungeon)

   Str:       It affects your strength (+4).
   Int:       It affects your intelligence (-5).
   rF:        It greatly protects you from fire.
   +Blink:    It lets you blink.
Armour
 d - a +2 leather armour (worn)
Scrolls
 e - a scroll of brand weapon {unknown}
 f - a scroll of fear {unknown}
 g - 2 scrolls of identify
 i - 3 scrolls of immolation {unknown}
 j - a scroll of silence {unknown}
Potions
 h - 2 potions of curing
 k - 4 potions of lignification {unknown}
Miscellaneous
 c - a piece from Xom's chessboard (15/15) (quivered)


   Skills:
 + Level 4.5 Fighting
 * Level 5.1 Maces & Flails
 - Level 2.1 Armour
 - Level 0.7 Dodging


You had 4 spell levels left.
You didn't know any spells.
Your spell library contained the following spells:

 Spells                   Type           Power      Damage    Failure   Level
 Necrotise                Necr           0%         1d4       36%         1
 Wereblood                Tmut           0%         N/A       50%         2
 Vampiric Draining        Necr           0%         2d6       75%         3
 Dispel Undead            Necr           0%         3d6       98%         4
 Agony                    Necr           0%         N/A       100%        5
 Death Channel            Necr           0%         N/A       100%        6
 Summon Hydra             Summ           0%         N/A       100%        7
 Cigotuvi's Dreadful Rot  Necr/Pois/Air  Unusable   N/A       N/A         2
 Sublimation of Blood     Necr           Unusable   N/A       N/A         2

Dungeon Overview and Level Annotations

Branches:
Dungeon (2/15)

Altars:
Xom

Annotations:
D:2 Natasha


Innate Abilities, Weirdness & Mutations

You are immune to sickness and miasma.
Your stone body is resilient. (AC +4)
You are immune to poison.
You resist negative energy. (rN+)
You are resistant to electric shocks. (rElec)
You are resistant to unholy torment.
You are immune to petrification.


Message History

You start resting.
You feel yourself speed up.
You start resting.
HP restored.
You see here a +0 club.
Natasha, Servant of Life and Death comes into view.
Natasha hisses angrily.
You closely miss Natasha. Natasha claws you.
You miss Natasha.
Natasha stares at you and mumbles some strange words.
The magic dart hits you.
You barely miss Natasha.
Natasha wildly gestures.
You feel troubled. Natasha casts a spell at you. The magic dart hits you.
Natasha claws you but does no damage.
You hit Natasha but do no damage.
Natasha easily resists.
Natasha claws you but does no damage.
You barely miss Natasha.
Natasha mewls in sadness.
Natasha claws you but does no damage.
You closely miss Natasha. Natasha misses you.
You hit Natasha but do no damage. Natasha barely misses you.
You hit Natasha.
Natasha seems to grow stronger.
Xom is highly amused!
Natasha is lightly wounded.
Natasha mumbles some strange words.
You feel disoriented. Natasha claws you.
You barely miss Natasha.
Natasha is lightly wounded.
Natasha claws you!
A shower of butterflies erupts from you!
You hit Natasha but do no damage.
Natasha seems to speed up.
Natasha is lightly wounded.
Natasha claws you.
* * * LOW HITPOINT WARNING * * *
Natasha claws you!
You die...
Xom chuckles heartily!

#.#.# #.##.##.#..##.##.#
..#.###.##.##.#.♣..P..P#
..#.....##.........♣P..♣###
.)###########P....~♣♣~..P.##
.## ##...~~~~♣♣♣...# .#
####### #♣..♣~~~~~~...# .#
#.....# #P..~~♣~~~...# ##
#.....# ####♣h.♣~♣^P..## #
#..#..# #...@bb.P...### #
#.....# #.##.##.##### #
#.....# #.##.##.# # ###.###
#.#..##.# # #.# #.#.###.# #
#.#####.#.###.# ###
#.##..........########
..#####....)..#..####......#
#......###.##.#..# #.####.#


You could see Natasha (fast, strong, ally target).

Vanquished Creatures
  A scorpion zombie (D:2)
  Jessica (D:2)
  Natasha (twice) (D:2)
  An adder (D:2)
  3 ball pythons (D:1)
  5 bats
  A bat zombie (D:2)
  7 endoplasms
  2 giant cockroaches (D:2)
  5 goblins
  2 hobgoblins (D:2)
  4 kobolds
  A quokka (D:1)
  A ball python skeleton (D:2)
  A ball python zombie (D:2)
  2 frilled lizards (D:2)
  A jackal skeleton (D:2)
  2 rats (D:2)
  A spectral ball python (D:2)
43 creatures vanquished.

Vanquished Creatures (others)
  3 plants (D:2)
  15 withered plants (D:2)
18 creatures vanquished.

Grand Total: 61 creatures vanquished

Notes
Turn   | Place    | Note
-------+----------+-------------------------------------------
     0 | D:1      | porpoise the Gargoyle Chaos Knight began the quest for the
                  | Orb.
     0 | D:1      | Reached XP level 1. HP: 14/14 MP: 1/1
    15 | D:1      | XOM: potion effect (brilliance)
   241 | D:1      | Reached XP level 2. HP: 19/19 MP: 2/2
   410 | D:1      | XOM: silly message
   415 | D:1      | XOM: silly message
   440 | D:1      | XOM: noise
   615 | D:1      | XOM: cloud trail
   727 | D:1      | XOM: silly message
   899 | D:2      | Reached XP level 3. HP: 24/24 MP: 3/3
   979 | D:2      | Reached skill level 4 in Maces & Flails
  1086 | D:2      | Identified the +9 dagger "Undertaker" {holy, Str-3 Int+7}
  1118 | D:2      | XOM: 2-stop teleportation journey
  1428 | D:2      | Identified the +7 dagger of Prescription {pain, +Blink rF++
                  | Str+4 Int-5}
  1442 | D:2      | Noticed Natasha
  1447 | D:2      | XOM: scenery: create altars
  1453 | D:2      | Killed Natasha
  1454 | D:2      | Reached XP level 4. HP: 15/29 MP: 4/4
  1639 | D:2      | Found a faded altar of an unknown god.
  1701 | D:2      | Noticed Jessica
  1711 | D:2      | Killed Jessica
  1712 | D:2      | Reached XP level 5. HP: 30/34 MP: 5/5
  1838 | D:2      | Noticed Natasha
  1840 | D:2      | XOM: divination: magic mapping
  1844 | D:2      | Killed Natasha
  1845 | D:2      | Reached skill level 5 in Maces & Flails
  1928 | D:2      | Noticed Natasha
  1939 | D:2      | XOM: butterfly on damage
  1940 | D:2      | Slain by Natasha

Illustrated notes

Levels and vault maps discovered:
D:1:      nzn_arrival_water_spiral, layout_basic
D:2:      layout_loops_cross, ebering_ecumenical_altar_box, serial_bayou_pond_a,
          hangedman_decor_push, dilly_guarded_unrand_morg, uniq_jessica

Skill      XL: |  1  2  3  4  5 |
---------------+----------------+-----
Maces & Flails | 4 5 |  5.1
Fighting       | 4 |  4.5
Armour         | |  2.1
Dodging        | |  0.7

Action                     |  1- 3 |  4- 6 || total
---------------------------+-------+-------++-------
  Melee: Mace              |    82 |    32 ||   114
   Fire: Sling             |    64 |       ||    64
    Use: Scroll            |     1 |       ||     1
   Stab: Petrified         |     2 |       ||     2
         Paralysed         |     1 |       ||     1
 Armour: Leather armour    |    42 |    15 ||    57
  Dodge: Dodged            |    64 |     9 ||    73

Table legend: (Time is in decaauts)
 A = Elapsed time spent in this place.
 B = Non-inter-level travel time spent in this place.
 C = Inter-level travel time spent in this place.
 D = Time resting spent in this place.
 E = Time spent auto-exploring this place.
 F = Levels seen in this place.
 G = Mean time per level.
                   A        B        C        D        E       F      G
               +--------+--------+--------+--------+--------+-----+--------+
         Total |   1990 |   1909 |     81 |    234 |   1264 |   2 |  995.0 |
       Dungeon |   1990 |   1909 |     81 |    234 |   1264 |   2 |  995.0 |
               +--------+--------+--------+--------+--------+-----+--------+

Top non-repeatable levels by time:
     D:2: 1083 daAuts
     D:1: 907 daAuts
